 Dungeon Crawl Stone Soup version 0.27-a0-1256-gced786f65e (webtiles) character file.

Game seed: 18195144210846497796

11 mdonais the Sneak (level 2, -1/21 HPs)
             Began as an Octopode Delver on June 10, 2021.
             Slain by a worm (11 damage)
             ... on level 3 of the Dungeon.
             The game lasted 00:01:50 (149 turns).

mdonais the Sneak (Octopode Delver)                  Turns: 149, Time: 00:01:50

Health: -1/21      AC:  1    Str: 11    XL:     2   Next: 25%
Magic:  2/2        EV: 13    Int: 12    God:
Gold:   43         SH:  0    Dex: 13    Spells: 1/1 levels left

rFire    . . .     SeeInvis .   a - +0 short sword
rCold    . . .     Faith    .   (no shield)
rNeg     . . .     Spirit   .   (helmet restricted)
rPois    .         Reflect  .   (no amulet)
rElec    .         Harm     .   (no ring)
rCorr    .         Rampage  .   (no ring)
Will     .....                  (no ring)
Stlth    ++++......             (no ring)
HPRegen  0.07/turn              (no ring)
MPRegen  0.08/turn              (no ring)
                                (no ring)
                                (no ring)

@: hasted, very quick
A: almost no armour, amphibious, 8 rings, camouflage 1, gelatinous body 1,
(nimble swimmer 1), tentacles
a: no special abilities


You were on level 3 of the Dungeon.
You visited 1 branch of the dungeon, and saw 3 of its levels.

You collected 43 gold pieces.

Inventory:

Hand Weapons
 a - a +0 short sword (weapon)
Missiles
 c - 15 sling bullets
 g - 13 bolts
Wands
 D - a wand of digging (3)
Scrolls
 b - a scroll of fog
 d - a scroll of fear
 f - a scroll of brand weapon {unknown}
 M - a scroll of magic mapping
Potions
 e - a potion of degeneration {unknown}


   Skills:
 + Level 3.3 Fighting
 + Level 2.4 Short Blades
 - Level 2.0 Dodging
 - Level 6.6 Stealth


You had one spell level left.
You didn't know any spells.
Your spell library was empty.

Dungeon Overview and Level Annotations

Branches:
Dungeon (5/15)
 Temple: D:4-7

Altars:


Innate Abilities, Weirdness & Mutations

You cannot wear most types of armour.
You are amphibious.
You can wear up to eight rings at the same time.
Your skin changes colour to match your surroundings (Stealth+).
Your rubbery body absorbs attacks. (AC +1, EV +1)
((You are camouflaged near water. (Stealth+)))
You have tentacles for arms and can constrict up to eight enemies at once.


Message History

Welcome, mdonais the Octopode Delver.
It is said that the Orb of Zot exists deep within this dungeon.
Press ? for a list of commands and other information.
Found 15 sling bullets.
c - 15 sling bullets
Found a whip.
Found 14 gold pieces.
Found 18 stones.
Found 12 gold pieces and a ruby potion.
Found 17 gold pieces.
You now have 14 gold pieces.
You now have 31 gold pieces (gained 17).
You now have 43 gold pieces (gained 12).
Found 8 gold pieces.
An adder comes into view.
You see here a ruby potion.
e - a ruby potion
There is a stone staircase leading up here.
Found 6 stones.
A scorpion comes into view.
Found 13 gold pieces and a ring mail.
There is a stone staircase leading up here.
You climb upwards.
A kobold comes into view. It is wielding a +0 short sword.
Found a purple potion, a scroll labelled PUSMUS ZUAJES and 16 gold pieces.
There is a stone staircase leading down here.
An adder comes into view.
Found 4 gold pieces.
There is a stone staircase leading up here.
You climb upwards.
There is a stone staircase leading down here.
Found a scroll labelled LAZXYCV QYESKE.
f - a scroll labelled LAZXYCV QYESKE
Found 13 bolts.
g - 13 bolts An endoplasm comes into view.
A frilled lizard comes into view.
The helpless endoplasm fails to defend itself.
You impale the endoplasm!!
You kill the endoplasm!
The helpless frilled lizard fails to defend itself.
You impale the frilled lizard!!
You kill the frilled lizard!
An adder comes into view.
You don't know any spells.
You don't know any spells.
Hit: a) +0 short sword
Press: ? - help, Dir - move target, f - you
Okay, then.
Unknown command.
Unknown command.
You feel yourself speed up.
You closely miss the adder. You grab the adder. You constrict the adder.
The adder barely misses you.
You hit the adder.
The adder is heavily wounded.
You constrict the adder, but do no damage.
The adder bites you.
You take 4 damage, and have 12/16 hp.
MASSIVE DAMAGE!!
You hit the adder.
The adder is almost dead.
You constrict the adder.
You kill the adder!
You have reached level 2!
You regained 3 hp, and now have 15/21 hp.
MP restored: 2
Found a club.
A worm comes into view.
You hit the worm. Your grab misses the worm.
The worm is lightly wounded.
You hit the worm. You grab the worm.
The worm is lightly wounded.
You constrict the worm. The worm bites you.
You take 4 damage, and have 13/21 hp.
You hit the worm.
The worm is moderately wounded.
You constrict the worm, but do no damage.
You hit the worm but do no damage. You squeeze the worm.
The worm is moderately wounded.
You constrict the worm. You hit the worm.
The worm is heavily wounded.
You constrict the worm, but do no damage.
The worm bites you.
You take 4 damage, and have 9/21 hp.
Press: ? - help, v - describe, . - travel
Here: a worm (heavily wounded, constricted by you)
The floor.
You hit the worm but do no damage.
The worm is heavily wounded.
You constrict the worm. You hit the worm.
The worm is almost dead.
You constrict the worm. The worm bites you!
Ouch! That really hurt!
You die...

#.##...#.......#####.#.#
...............# #.#.#
####...###.....# #...# #
##.## #.###.# #.### #
##.####.###.#####.#
####.................#
.....##.#.###.#.#.######
######.###.##.#..........
# ###.## #.....@.######.
# #..>.# #......#w.#
....###.#.###.###...#
#### #.# #.# #..#.. .# #
. .#...#.# # . .#.. #
...#. .# .


You could see a worm.

Vanquished Creatures
  An adder (D:3)
  An endoplasm (D:3)
  A frilled lizard (D:3)
3 creatures vanquished.

Notes
Turn   | Place    | Note
-------+----------+-------------------------------------------
     0 | D:5      | mdonais the Octopode Delver began the quest for the Orb.
     0 | D:5      | Reached XP level 1. HP: 16/16 MP: 1/1
    37 | D:5      | Noticed a scorpion
   104 | D:3      | Reached XP level 2. HP: 15/21 MP: 2/2
   149 | D:3      | Slain by a worm

Illustrated notes

Levels and vault maps discovered:
D:3:      layout_loops_ring, kiku_gazebo_pond_becter, hex_tiny, st_stairs_8
D:4:      layout_basic, ebering_ghost_rock_garden
D:5:      layout_rooms, ebering_ghost_sewer_f

Action                   || total
-------------------------++-------
Melee: Short sword       ||    12
       Constrict         ||     2
       Tentacles         ||     1
  Use: Potion            ||     1
 Stab: Sleeping          ||     2
Dodge: Dodged            ||     1

Table legend: (Time is in decaauts)
 A = Elapsed time spent in this place.
 B = Non-inter-level travel time spent in this place.
 C = Inter-level travel time spent in this place.
 D = Time resting spent in this place.
 E = Time spent auto-exploring this place.
 F = Levels seen in this place.
 G = Mean time per level.
                   A        B        C        D        E       F      G
               +--------+--------+--------+--------+--------+-----+--------+
         Total |    132 |    132 |      0 |      0 |      0 |   3 |   44.0 |
       Dungeon |    132 |    132 |      0 |      0 |      0 |   3 |   44.0 |
               +--------+--------+--------+--------+--------+-----+--------+

Top non-repeatable levels by time:
     D:3: 84 daAuts
     D:5: 42 daAuts
     D:4: 5 daAuts
